 Dungeon Crawl Stone Soup version 0.18.1-51-gd549091e01 (webtiles) character file.

10071 magog001 the Blocker (level 11, -6/97 HPs)
             Began as a Minotaur Fighter on June 27, 2022.
             Was a Believer of Nemelex Xobeh.
             Mangled by Snorg (14 damage)
             ... on level 9 of the Dungeon on Aug 18, 2022.
             The game lasted 01:12:52 (14238 turns).

magog001 the Blocker (Minotaur Fighter)            Turns: 14238, Time: 01:12:53

Health: -6/97      AC: 19    Str: 25    XL:     11   Next: 31%
Magic:  0/11       EV:  7    Int:  5    God:    Nemelex Xobeh [**....]
Gold:   364        SH: 13    Dex:  9    Spells: 0 memorised, 10 levels left

rFire  . . .     SeeInvis .     z - +2 spear (flame)
rCold  . . .     Gourm    .     i - +7 plate armour
rNeg   . . .     Faith    .     P - +0 shield
rPois  .         Spirit   +     (helmet restricted)
rElec  +         Dismiss  .     a - +0 cloak
rCorr  .         Reflect  .     (no gloves)
SustAt .         Harm     .     (no boots)
MR     .....                    Q - amulet of guardian spirit
Stlth  ..........               (no ring)
                                (no ring)

@: drained, not resistant to hostile enchantments, extremely unstealthy
A: retaliatory headbutt, horns 2, molten scales 1, deformed body, sense
surroundings 1, electricity resistance
a: Renounce Religion


You were on level 9 of the Dungeon.
You worshipped Nemelex Xobeh.
Nemelex Xobeh was pleased with you.
You were hungry.

You visited 3 branches of the dungeon, and saw 12 of its levels.

You collected 754 gold pieces.
You spent 390 gold pieces at shops.

Inventory:

Hand Weapons
 e - a +0 hunting sling
 z - a +2 spear of flaming (weapon)
 A - a +0 blowgun
 D - a +2 dagger of venom
Missiles
 b - 30 poisoned needles
 g - 56 sling bullets
 q - 266 stones (quivered)
 B - 4 curare-tipped needles
 G - 6 javelins
Armour
 a - a +0 cloak (worn)
 i - a +7 plate armour (worn)
 M - a +0 cloak
 P - a +0 shield (worn)
Magical Staves
 y - an uncursed staff of cold
Jewellery
 Q - an amulet of guardian spirit (around neck)
Wands
 c - a wand of enslavement (16/24)
 d - a wand of disintegration (8/24)
 r - a wand of heal wounds (0/9)
 s - a wand of digging (12/24)
 x - a wand of enslavement (11/24)
 C - a wand of enslavement (1/24)
 E - a wand of flame (26/48)
 I - a wand of slowing (22/48)
Scrolls
 h - 2 scrolls of amnesia
 k - 4 scrolls of remove curse
 l - 6 scrolls of teleportation
 m - a scroll of enchant armour
 v - 6 scrolls of identify
 T - a scroll of fear
Potions
 j - 6 potions of haste
 p - 2 potions of agility
 u - a potion of cancellation
 J - 2 potions of lignification
 K - 3 potions of brilliance
 L - a potion of curing
 O - a potion of resistance
 S - 2 potions of mutation {unknown}
Miscellaneous
 o - a plain deck of war
 t - a plain deck of war {drawn: 5}
Comestibles
 f - 3 bread rations
 n - 9 meat rations
 w - a slice of pizza
 F - 4 chunks of flesh
 H - 8 royal jellies


   Skills:
 * Level 9.4(8.3) Fighting
   Level 6.8(7.0) Axes
 * Level 6.2(6.6) Polearms
 + Level 0.2(0.0) Throwing
 * Level 11.5(10.3) Armour
 + Level 0.8(0.0) Stealth
 * Level 13.1(11.9) Shields
 + Level 1.3(0.4) Evocations


You had 10 spell levels left.
You didn't know any spells.

Dungeon Overview and Level Annotations

Branches:
Dungeon (10/15)            Temple (1/1) D:5            Lair (0/8) D:10
    Orc (1/2) D:10

Altars:
Ashenzari
Cheibriados
Dithmenos
Elyvilon
Fedhas
Gozag
Kikubaaqudgha
Makhleb
Nemelex Xobeh
Okawaru
Pakellas
Qazlal
Ru
Sif Muna
Trog
Vehumet
Xom
Yredelemnul
Zin
The Shining One

Shops:
D:10 ::=%%

Annotations:
D:9 Snorg


Innate Abilities, Weirdness & Mutations

You reflexively headbutt those who attack you in melee.
You have a pair of horns on your head.
You are partially covered in molten scales (AC +1).
Armour fits poorly on your strangely shaped body.
You passively map a small area around you.
You are resistant to electric shocks.


Message History

You feel much better.
This wand has 0 charges left.
You block Snorg's attack. Snorg claws you! Snorg barely misses you.
Snorg bites you.
* * * LOW HITPOINT WARNING * * *
Snorg claws you but does no damage. You block Snorg's attack.
Evoke which item? (* to show all) (? for menu, Esc to quit)
Zapping:
I - a wand of slowing (23/48)
Press: ? - help, Shift-Dir - straight line, f - Snorg
Aim: Snorg (berserk, fast, unusually strong, chance to defeat MR: 21%) Snorg resists with almost no effort.
This wand has 22 charges left.
You block Snorg's attack. Snorg claws you!
* * * LOW HITPOINT WARNING * * *
Snorg claws you!
* * * LOW HITPOINT WARNING * * *
Evoke which item? (* to show all) (? for menu, Esc to quit)
Zapping:
d - a wand of disintegration (9/24)
Press: ? - help, Shift-Dir - straight line, f/p - Snorg
Aim: Snorg (berserk, fast, unusually strong, chance to defeat MR: 32%) Snorg easily resists.
This wand has 8 charges left.
Snorg bites you!
You die...
Your body disappears without a glow.

.......#####..# #........#..
###...........# #........###
..#...........# #...........
..#...........########...........
..#..............................
..#..............................
..#..............................
..#.............T................
..#####.........@...#############
......#.....#'#######...........#
......#.....#...................#
......#...###....................
......#...#......................
......#####.......############...
..................#..........#...
..................#..........#...
..................#..........#...


You could see Snorg (berserk).

Vanquished Creatures
  Nergalle (Orc:1)
  The ghost of Ge0ff the Destroyer, a novice HEEE of Okawaru (D:8)
  Pikel (D:9)
  A centaur zombie (D:10)
  A komodo dragon (D:9)
  A queen bee (D:8)
  2 trolls
  A wyvern (D:9)
  2 yaks (D:10)
  A hippogriff (D:9)
  Eustachio (D:4)
  3 hungry ghosts
  2 water moccasins (D:10)
  A sky beast (D:6)
  8 orc warriors
  2 slaves (D:9)
  3 ice beasts
  A wasp (D:7)
  2 phantoms
  11 ogres
  3 centaurs
  2 crocodiles
  2 big kobolds
  2 giant frogs
  A water moccasin zombie (D:8)
  2 scorpions
  26 killer bees
  2 howler monkeys
  2 crimson imps
  2 giant frog zombies
  3 hounds
  A quasit (D:5)
  A giant frog skeleton (D:3)
  2 jellies (D:9)
  16 orc wizards
  A gnoll shaman (D:7)
  7 orc priests
  A centaur skeleton (D:7)
  Ijyb (D:2)
  6 iguanas
  8 worker ants
  A hound skeleton (D:8)
  Robin (D:4)
  A howler monkey skeleton (D:4)
  5 adders
  8 gnolls
  2 shadow imps (D:9)
  An ooze (D:4)
  An adder zombie (D:6)
  An adder skeleton (D:10)
  2 worms
  2 dart slugs
  6 giant geckos
  39 orcs
  2 ball pythons (D:1)
  2 giant cockroaches
  11 hobgoblins
  10 jackals
  3 quokkas
  8 bats
  A giant cockroach zombie (D:5)
  A giant gecko skeleton (D:5)
  3 giant newts
  20 goblins
  A jackal skeleton (D:5)
  16 kobolds
  26 rats
311 creatures vanquished.

Vanquished Creatures (collateral kills)
  A phantom (D:9)
  A killer bee (D:9)
2 creatures vanquished.

Vanquished Creatures (others)
  An orc wizard (D:10)
1 creature vanquished.

Grand Total: 314 creatures vanquished

Notes
Turn   | Place    | Note
--------------------------------------------------------------
     0 | D:1      | magog001 the Minotaur Fighter began the quest for the Orb.
     0 | D:1      | Reached XP level 1. HP: 19/19 MP: 0/0
   210 | D:1      | Reached XP level 2. HP: 27/27 MP: 1/1
   238 | D:1      | Reached skill level 4 in Shields
   527 | D:1      | Reached XP level 3. HP: 31/33 MP: 2/2
   991 | D:2      | Noticed Ijyb
  1004 | D:2      | Killed Ijyb
  1004 | D:2      | Reached XP level 4. HP: 39/40 MP: 3/3
  1532 | D:3      | Noticed an ogre
  1538 | D:3      | Killed an ogre
  1538 | D:3      | Reached skill level 5 in Armour
  1538 | D:3      | Reached skill level 5 in Shields
  1538 | D:3      | Reached XP level 5. HP: 23/47 MP: 4/4
  1957 | D:3      | Found an oddly glowing altar of Pakellas.
  2219 | D:3      | Reached XP level 6. HP: 51/53 MP: 5/5
  3348 | D:4      | Reached skill level 5 in Fighting
  3348 | D:4      | Reached skill level 5 in Axes
  3609 | D:4      | Noticed Eustachio
  3628 | D:4      | Killed Eustachio
  3628 | D:4      | Reached XP level 7. HP: 53/61 MP: 6/6
  3650 | D:4      | Found a snail-covered altar of Cheibriados.
  3961 | D:4      | Noticed Robin
  3964 | D:4      | Reached skill level 6 in Shields
  3974 | D:4      | Killed Robin
  4649 | D:5      | Entered Level 5 of the Dungeon
  4660 | D:5      | Reached XP level 8. HP: 69/70 MP: 7/7
  4744 | D:5      | Reached skill level 7 in Shields
  5227 | D:5      | Found an iron altar of Okawaru.
  5364 | D:5      | Found a staircase to the Ecumenical Temple.
  5399 | Temple   | Entered the Ecumenical Temple
  5499 | Temple   | Became a worshipper of Nemelex Xobeh the Trickster
  5585 | D:6      | Received a gift from Nemelex Xobeh
  5659 | D:6      | Reached skill level 8 in Shields
  5663 | D:6      | Gained mutation: Armour fits poorly on your strangely shaped body. [mutagenic meat]
  5664 | D:6      | Gained mutation: You are resistant to electric shocks. [mutagenic meat]
  5665 | D:6      | Gained mutation: You passively map a small area around you. [mutagenic meat]
  5666 | D:6      | Gained mutation: You are partially covered in molten scales (AC +1). [mutagenic meat]
  5776 | D:6      | Reached skill level 1 in Polearms
  6120 | D:6      | Reached * piety under Nemelex Xobeh
  6480 | D:7      | Reached XP level 9. HP: 68/78 MP: 8/8
  6982 | D:7      | Reached skill level 9 in Shields
  7645 | D:8      | Noticed a queen bee
  7700 | D:8      | Reached skill level 10 in Shields
  8126 | D:8      | Noticed Ge0ff's ghost (novice HEEE)
  8156 | D:8      | Killed Ge0ff's ghost
  8156 | D:8      | Reached XP level 10. HP: 21/88 MP: 9/9
  8469 | D:8      | Reached skill level 11 in Shields
  9080 | D:8      | Found a basalt altar of Yredelemnul.
  9320 | D:8      | Reached skill level 10 in Armour
  9599 | D:9      | Noticed Pikel
  9636 | D:9      | Killed Pikel
 10093 | D:9      | Noticed a moth of wrath
 10096 | D:9      | Found a bloodstained altar of Trog.
 10097 | D:9      | Reached ** piety under Nemelex Xobeh
 10348 | D:9      | Reached skill level 5 in Polearms
 10814 | D:10     | Entered Level 10 of the Dungeon
 10922 | D:9      | HP: 6/135 [komodo dragon (6)]
 10935 | D:9      | Reached skill level 12 in Shields
 11163 | D:10     | Found Dufiki's Book Shoppe.
 11163 | D:10     | Found Ymne's Book Shop.
 11451 | D:10     | Received a gift from Nemelex Xobeh
 11494 | D:10     | Found Danigem's Food Boutique.
 11595 | D:10     | Reached skill level 1 in Evocations
 12036 | D:10     | Found a staircase to the Lair.
 12107 | D:10     | Reached XP level 11. HP: 97/97 MP: 10/10
 13002 | D:10     | Found Roiteh's Food Shoppe.
 13071 | D:10     | Found Gomoekuesih's Jewellery Boutique.
 13085 | D:10     | Bought an uncursed amulet of guardian spirit for 390 gold pieces
 13300 | D:10     | Found a staircase to the Orcish Mines.
 13537 | Orc:1    | Entered Level 1 of the Orcish Mines
 13549 | Orc:1    | Noticed Nergalle
 13589 | Orc:1    | Killed Nergalle
 13589 | Orc:1    | Reached skill level 13 in Shields
 14160 | Orc:1    | Noticed Snorg
 14238 | D:9      | Mangled by Snorg

Skill      XL: |  1  2  3  4  5  6  7  8  9 10 11 |
---------------+----------------------------------+-----
Shields        | 4 5 6 8 10 12 13 | 13.1
Armour         | 4 5 6 7 8 9 11 | 11.5
Fighting       | 4 5 6 8 9 |  9.4
Axes           | 3 4 5 6 |  6.8
Polearms       | 1 4 5 6 |  6.2
Evocations     | 1 |  1.3
Throwing       | |  0.2
Stealth        | |  0.8

Action                   |  1- 3 |  4- 6 |  7- 9 | 10-12 || total
-------------------------+-------+-------+-------+-------++-------
Melee: War axe           |    98 |   143 |   146 |       ||   387
       Headbutt          |    15 |    22 |    71 |   120 ||   228
       Spear             |       |       |   318 |   629 ||   947
Throw: Tomahawk          |       |       |       |     6 ||     6
       Stone             |       |       |       |     1 ||     1
Evoke: Deck              |       |       |     1 |     4 ||     5
       Wand              |       |       |       |    36 ||    36
  Use: Potion            |       |     4 |     7 |     3 ||    14
       Scroll            |       |       |    21 |    10 ||    31
  Eat: Chunk             |       |     6 |    12 |    11 ||    29
       Pizza             |       |     1 |       |       ||     1
       Fruit             |       |     1 |     1 |       ||     2
       Bread ration      |       |       |     3 |     4 ||     7
       Beef jerky        |       |       |       |     1 ||     1
       Royal jelly       |       |       |       |     2 ||     2
Armor: Scale mail        |    51 |    43 |       |       ||    94
       Plate armour      |       |    36 |   311 |   326 ||   673
       Skin              |       |       |    10 |    77 ||    87
Dodge: Dodged            |    37 |    36 |   137 |   151 ||   361
Block: Shield            |    62 |    75 |   359 |   505 ||  1001
